 Dungeon Crawl Stone Soup version 0.29-a0-823-gc37b1572da (webtiles) character file.

Game seed: 15954526225347121793

3514 bande the Protected (level 10, -11/60 HPs)
             Began as a Gargoyle Fighter on July 9, 2022.
             Was an Elder of Okawaru.
             Killed from afar by Maggie (23 damage)
             ... with a bolt of fire
             ... on level 8 of the Dungeon.
             The game lasted 00:15:38 (8598 turns).

bande the Protected (Gargoyle Fighter)              Turns: 8598, Time: 00:15:39

Health: -11/60     AC: 18    Str: 21    XL:     10   Next: 8%
Magic:  14/14      EV:  7    Int:  8    God:    Okawaru [****..]
Gold:   419        SH:  6    Dex: 13    Spells: 9/9 levels left

rFire   . . .      SeeInvis .   a - +1 war axe (flame)
rCold   . . .      Faith    .   c - +1 buckler
rNeg    + . .      Spirit   .   o - +0 chain mail
rPois   ∞          Reflect  .   (no helmet)
rElec   +          Harm     .   (no cloak)
rCorr   .          Rampage  .   (no gloves)
Will    .....                   (no boots)
Stlth   ..........              (no amulet)
HPRegen 0.20/turn               (no ring)
MPRegen 0.14/turn               (no ring)

@: mighty, flying, mesmerised
A: sickness immunity, AC +7, negative energy resistance 1, electricity
resistance, torment resistance 1, petrification resistance, big wings
a: Renounce Religion, Heroism, Finesse


You were on level 8 of the Dungeon.
You worshipped Okawaru.
Okawaru was greatly pleased with you.
You visited 2 branches of the dungeon, and saw 9 of its levels.

You collected 419 gold pieces.

Inventory:

Hand Weapons
 a - a +1 war axe of flaming (weapon)
Armour
 c - a +1 buckler (worn)
 o - a +0 chain mail (worn)
Jewellery
 m - a ring of fire
 r - a ring of magical power
Wands
 s - a wand of flame (28)
 t - a wand of polymorph (8)
Scrolls
 b - 2 scrolls of enchant weapon
 g - 2 scrolls of enchant armour
 k - 4 scrolls of teleportation
 l - 2 scrolls of fog
 n - 2 scrolls of poison
 p - 4 scrolls of identify
 q - a scroll of amnesia
 u - a scroll of fear
Potions
 d - a potion of might
 e - 2 potions of curing
 f - a potion of haste
 h - 3 potions of ambrosia
 j - a potion of resistance


   Skills:
 + Level 6.2 Fighting
 + Level 7.8 Axes
 + Level 8.2 Armour
 + Level 5.1 Shields
 * Level 5.6 Invocations
 * Level 3.6 Evocations


You had 9 spell levels left.
You didn't know any spells.
Your spell library contained the following spells:

 Spells                   Type           Power      Damage    Failure   Level
 Ensorcelled Hibernation  Hex/Ice        0%         N/A       99%         2
 Spider Form              Tmut/Pois      0%         N/A       100%        3
 Anguish                  Hex/Necr       0%         N/A       100%        4
 Orb of Destruction       Conj           0%         9d5       100%        7
 Summon Guardian Golem    Hex/Summ       Unusable   N/A       N/A         3
 Spellforged Servitor     Conj/Summ      Unusable   N/A       N/A         7

Dungeon Overview and Level Annotations

Branches:
Dungeon (8/15)             Temple (1/1) D:4
   Lair: D:8-11

Altars:
Elyvilon
Makhleb
Okawaru
Ru
Vehumet
Xom

Shops:
D:4 (

Annotations:
D:8 Maggie


Innate Abilities, Weirdness & Mutations

You are immune to sickness and miasma.
Your stone body is resilient. (AC +7)
You are immune to poison.
You resist negative energy. (rN+)
You are resistant to electric shocks. (rElec)
You are resistant to unholy torment.
You are immune to petrification.
Your large and strong wings let you fly.


Message History

Maggie is heavily wounded.
You miss the bullfrog.
You are engulfed in a cloud of scalding steam.
The bullfrog hits you but does no damage.
Maggie mumbles some strange words.
Maggie attempts to bespell you!
You are mesmerised by Maggie!
The bullfrog hits you but does no damage.
You feel much better.
The bullfrog hits you but does no damage.
Maggie hits you with a +2 glaive of flaming!
* * * LOW HITPOINT WARNING * * *
Maggie burns you.
* * * LOW HITPOINT WARNING * * *
You closely miss Maggie.
Maggie is heavily wounded.
You slash the bullfrog! You burn the bullfrog.
You kill the bullfrog!
Okawaru accepts your kill.
Maggie gestures wildly while chanting.
Maggie draws you further into her thrall.
Unknown command.
You slash Maggie! You burn Maggie.
Maggie is severely wounded.
Maggie hits you with a +2 glaive of flaming!
* * * LOW HITPOINT WARNING * * *
Maggie burns you.
* * * LOW HITPOINT WARNING * * *
Unknown command.
You feel much better.
Maggie hits you with a +2 glaive of flaming!
* * * LOW HITPOINT WARNING * * *
Maggie burns you.
* * * LOW HITPOINT WARNING * * *
You hit Maggie. You burn Maggie.
Maggie is severely wounded.
You slash the steam dragon! You burn the steam dragon.
Maggie casts a spell at you. The bolt of fire hits you!!
You die...

...........#
≈≈≈....≈≈..#
≈≈≈≈....≈..#
≈≈≈...≈§...#
≈≈≈....≈...#
.......§§..#
.≈......§..#
.......D...+
........@@.#
############


You could see Maggie (mesmerising) and a steam dragon.

Vanquished Creatures
  A troll (D:7)
  Grinder (D:4)
  Sigmund (D:5)
  Eustachio (D:5)
  Menkaure (D:6)
  A water moccasin (D:6)
  An ice beast (D:6)
  2 ogres
  3 sky beasts
  A black bear (D:6)
  A centaur (D:4)
  3 phantoms
  2 kobold brigands (D:7)
  2 bullfrogs
  A necrophage (D:4)
  3 scorpions
  6 killer bees (D:7)
  A howler monkey (D:6)
  3 jellies
  2 orc priests
  4 hounds
  2 iguanas
  9 orc wizards
  11 gnolls
  6 adders
  A shadow imp (D:7)
  2 white imps
  2 ufetubi (D:5)
  2 worms
  A dart slug (D:2)
  23 orcs
  5 bats
  11 endoplasms
  5 giant cockroaches
  3 goblins
  3 hobgoblins
  3 jackals (D:1)
  17 kobolds
  5 quokkas
  3 ball pythons
  3 frilled lizards
  4 rats
162 creatures vanquished.

Vanquished Creatures (others)
  4 demonic plants (D:2)
  10 fungi
  5 plants (D:2)
  3 withered plants (D:2)
22 creatures vanquished.

Grand Total: 184 creatures vanquished

Notes
Turn   | Place    | Note
-------+----------+-------------------------------------------
     0 | D:1      | bande the Gargoyle Fighter began the quest for the Orb.
     0 | D:1      | Reached XP level 1. HP: 14/14 MP: 1/1
   411 | D:1      | Reached XP level 2. HP: 19/19 MP: 2/2
   890 | D:2      | Reached XP level 3. HP: 14/23 MP: 3/3
  1153 | D:2      | Found a faded altar of an unknown god.
  1476 | D:2      | Gained mutation: Armour fits poorly on your strangely
                  | shaped body. [potion of mutation]
  1476 | D:2      | Gained mutation: A frigid envelope surrounds you and
                  | freezes all who hurt you. [potion of mutation]
  1476 | D:2      | Gained mutation: Your spells are a little harder to cast,
                  | but a little more powerful. [potion of mutation]
  1735 | D:2      | Reached skill level 4 in Armour
  1735 | D:2      | Reached XP level 4. HP: 11/29 MP: 4/4
  2619 | D:3      | Reached XP level 5. HP: 33/33 MP: 5/5
  3042 | D:4      | Found a white marble altar of Elyvilon.
  3046 | D:4      | Found an iron altar of Okawaru.
  3136 | D:4      | Noticed an ogre
  3143 | D:4      | Became a worshipper of Warmaster Okawaru
  3175 | D:4      | Found a shimmering altar of Xom.
  3248 | D:4      | Found a staircase to the Ecumenical Temple.
  3262 | Temple   | Entered the Ecumenical Temple
  3265 | D:4      | Reached skill level 1 in Invocations
  3384 | D:4      | Noticed a centaur
  3389 | D:4      | Reached XP level 6. HP: 15/38 MP: 6/6
  3389 | D:4      | Reached * piety under Okawaru
  3392 | D:4      | Reached skill level 5 in Armour
  3673 | D:4      | Found Veasinneria's Weapon Shoppe.
  3681 | D:4      | You fall into a shaft and drop 2 floors!
  3690 | D:6      | Noticed a sky beast
  3696 | D:6      | Killed a sky beast
  3697 | D:6      | Reached XP level 7. HP: 43/43 MP: 8/8
  3785 | D:5      | Entered Level 5 of the Dungeon
  3822 | D:5      | Noticed Sigmund
  4116 | D:5      | Killed Sigmund
  4117 | D:5      | Reached skill level 5 in Axes
  4188 | D:5      | Reached skill level 6 in Armour
  4191 | D:5      | Reached XP level 8. HP: 37/48 MP: 10/10
  4407 | D:4      | Noticed Grinder
  4410 | D:4      | Killed Grinder
  4410 | D:4      | Reached ** piety under Okawaru
  4782 | D:4      | Reached skill level 1 in Evocations
  4908 | D:5      | Noticed Eustachio
  4922 | D:5      | Killed Eustachio
  4923 | D:5      | Reached skill level 5 in Fighting
  5457 | D:5      | Reached skill level 7 in Armour
  5626 | D:5      | Reached XP level 9. HP: 47/54 MP: 12/12
  6013 | D:6      | Noticed Menkaure
  6018 | D:6      | Killed Menkaure
  6018 | D:6      | Reached *** piety under Okawaru
  6929 | D:7      | Reached skill level 5 in Invocations
  7680 | D:7      | Found a radiant altar of Vehumet.
  7726 | D:7      | Lost mutation: Your spells are a little harder to cast, but
                  | a little more powerful. [potion of mutation]
  7726 | D:7      | Lost mutation: Armour fits poorly on your strangely shaped
                  | body. [potion of mutation]
  7726 | D:7      | Lost mutation: A frigid envelope surrounds you and freezes
                  | all who hurt you. [potion of mutation]
  7726 | D:7      | Gained mutation: Your large and strong wings let you fly.
                  | [potion of mutation]
  7881 | D:7      | Noticed a troll
  7890 | D:7      | Killed a troll
  7890 | D:7      | Reached **** piety under Okawaru
  7891 | D:7      | Reached skill level 8 in Armour
  7891 | D:7      | Reached skill level 5 in Shields
  8044 | D:7      | Found a sacrificial altar of Ru.
  8190 | D:7      | Reached XP level 10. HP: 59/60 MP: 14/14
  8588 | D:8      | Noticed Maggie
  8596 | D:8      | HP: 3/60 [Maggie/+2 glaive of flaming (3)]
  8598 | D:8      | Killed from afar by Maggie

Illustrated notes

Levels and vault maps discovered:
D:1:      dpeg_arrival_simpleton_b, layout_basic, grunt_decor_one_mirror
D:2:      layout_loops_ring, shapermc_ecumenical_altar_gd
D:3:      layout_basic
D:4:      wander_river, layout_basic, mainiacjoe_overflow_catwalk,
          jmf_multi_god_temple, minmay_temple_entry_stoned_glass, serial_shops,
          nicolae_stop_n_shop_1, minmay_mini_jars, uniq_grinder
D:5:      layout_cave_pods, water_boxes_lemuel, uniq_eustachio, uniq_sigmund,
          uniq_crazy_yiuf_cottage
D:6:      layout_rooms, uniq_menkaure
D:7:      layout_loops_corners, mainiacjoe_overflow_boulevard,
          nicolae_ru_sacrificial_ziggurat, kennysheep_cross_room
D:8:      layout_basic, minitemple, zin_academy, eino_jars, uniq_maggie,
          uniq_amaemon
Temple:   chequers_temple_sunken

Skill      XL: |  1  2  3  4  5  6  7  8  9 |
---------------+----------------------------+-----
Axes           | 2 3 4 5 6 7 |  7.8
Armour         | 4 5 6 7 8 |  8.2
Fighting       | 4 5 6 |  6.2
Invocations    | 1 2 3 4 5 |  5.6
Shields        | 4 5 |  5.1
Evocations     | 1 3 |  3.6

Action                   |  1- 3 |  4- 6 |  7- 9 | 10-12 || total
-------------------------+-------+-------+-------+-------++-------
Melee: War axe           |   105 |    52 |   215 |    29 ||   401
  Use: Scroll            |     8 |    10 |     5 |       ||    23
       Potion            |     1 |       |     1 |     3 ||     5
Armor: Scale mail        |    72 |    22 |       |       ||    94
       Chain mail        |       |    11 |   153 |    18 ||   182
Dodge: Dodged            |    51 |    28 |    77 |     6 ||   162
Block: Buckler           |    21 |    20 |    60 |     3 ||   104

Table legend: (Time is in decaauts)
 A = Elapsed time spent in this place.
 B = Non-inter-level travel time spent in this place.
 C = Inter-level travel time spent in this place.
 D = Time resting spent in this place.
 E = Time spent auto-exploring this place.
 F = Levels seen in this place.
 G = Mean time per level.
                   A        B        C        D        E       F      G
               +--------+--------+--------+--------+--------+-----+--------+
         Total |   8713 |   8626 |     87 |   1907 |   5324 |   9 |  968.1 |
       Dungeon |   8711 |   8624 |     87 |   1907 |   5324 |   8 | 1088.9 |
        Temple |      1 |      1 |      0 |      0 |      0 |   1 |    1.0 |
               +--------+--------+--------+--------+--------+-----+--------+

Top non-repeatable levels by time:
     D:7: 1695 daAuts
     D:2: 1356 daAuts
     D:5: 1320 daAuts
     D:6: 1298 daAuts
     D:4: 1256 daAuts
     D:1: 911 daAuts
     D:3: 861 daAuts
     D:8: 10 daAuts
  Temple: 1 daAuts
